BSA
ORLANDO CALRISSIAN @ PLYMOUTH ROCKS
04/18/2026
 
TOP OF THE 1ST
Orlando Calrissian batting - Pitching for Plymouth Rocks : RHP José Martínez
Pitching: RHP José Martínez
Batting: LHB Danny Allen 0-0: Foul Ball, location: 2F
0-1: Reached on error, E3 (Groundball, 3S)
Batting: SHB Tim Abbott 0-0: Called Strike
0-1: Ball
Wild Pitch!
Danny Allen to second
1-1: DOUBLE (Line Drive, 78S)
Danny Allen scores
Pinch Runner at 2nd Chris Byrd:
Batting: LHB Santiago Márquez 0-0: Foul Ball, location: 2F
0-1: Ground out 4-3 (Groundball, 4M)
Chris Byrd to third
Batting: RHB Raúl Canó 0-0: Called Strike
0-1: Ball
1-1: Ball
2-1: Reached on Error, E9 (Flyball, 9D)
Chris Byrd scores
Batting: RHB Rich Anderson 0-0: DOUBLE (Line Drive, 8LXD)
Raúl Canó to third
Batting: LHB Juan Colón 0-0: SINGLE (Line Drive, 34)
Raúl Canó scores
Rich Anderson to third
Runner from 3rd tries for Home, SAFE, throw made home
Juan Colón to second
Batting: RHB Frederico Hernández 0-0: Ground out 4-3 (Groundball, 4)
Juan Colón to third
Batting: RHB Enrique Bermúdez 0-0: Ball
1-0: SINGLE (Line Drive, 56D)
Juan Colón scores
Batting: RHB Robby Lewis 0-0: Ball
1-0: Fly out, F8 (Flyball, 8RM)
Top of the 1st over - 5 run(s), 4 hit(s), 2 error(s), 1 left on base; Orlando 5 - Plymouth 0
BOTTOM OF THE 1ST
Plymouth Rocks batting - Pitching for Orlando Calrissian : LHP Mark Collins
Pitching: LHP Mark Collins
Now at SS: Chris Byrd
Batting: RHB José Flores 0-0: Ball
1-0: Ball
2-0: Called Strike
2-1: Ball
3-1: Fly out, F8 (Flyball, 8RM)
Batting: RHB António Zúñiga 0-0: Foul Ball, location: 2F
0-1: Ball
1-1: Ball
2-1: Foul Ball, location: 2F
2-2: Ground out 6-3 (Groundball, 6)
Batting: LHB Barrett Waters 0-0: Ball
1-0: Ball
2-0: Fly out, F7 (Line Drive, 7M)
Bottom of the 1st over - 0 run(s), 0 hit(s), 0 error(s), 0 left on base; Orlando 5 - Plymouth 0
TOP OF THE 2ND
Orlando Calrissian batting - Pitching for Plymouth Rocks : RHP José Martínez
Batting: LHB Danny Allen 0-0: Foul Ball, location: 2F
0-1: Ground out U3 (Groundball, 3L)
Batting: SHB Chris Byrd 0-0: Ball
1-0: Ball
2-0: Called Strike
2-1: SINGLE (Line Drive, 89S)
Batting: LHB Santiago Márquez 0-0: Ball
1-0: Ball
2-0: Ball
3-0: Base on Balls
Chris Byrd to second
Batting: RHB Raúl Canó 0-0: Swinging Strike
0-1: Swinging Strike
0-2: Ball
1-2: Foul Ball, location: 2F
1-2: Strikes out swinging
Batting: RHB Rich Anderson 0-0: Ball
1-0: Ball
2-0: Called Strike
2-1: Ground out 6-3 (Groundball, 6)
Top of the 2nd over - 0 run(s), 1 hit(s), 0 error(s), 2 left on base; Orlando 5 - Plymouth 0
BOTTOM OF THE 2ND
Plymouth Rocks batting - Pitching for Orlando Calrissian : LHP Mark Collins
Batting: SHB Greg Welch 0-0: Fly out, F8 (Line Drive, 8LD)
Batting: LHB Roger Moore 0-0: Called Strike
0-1: Called Strike
0-2: Ball
1-2: Foul Ball, location: 2F
1-2: Strikes out swinging
Batting: LHB Roy Patrick 0-0: Foul Ball, location: 2F
0-1: Ball
1-1: Swinging Strike
1-2: Strikes out swinging
Bottom of the 2nd over - 0 run(s), 0 hit(s), 0 error(s), 0 left on base; Orlando 5 - Plymouth 0
TOP OF THE 3RD
Orlando Calrissian batting - Pitching for Plymouth Rocks : RHP José Martínez
Batting: LHB Juan Colón 0-0: Hit by Pitch
Batting: RHB Frederico Hernández 0-0: Ball
1-0: Ball
2-0: Grounds into double play, 6-4-3 (Groundball, 6)
Batting: RHB Enrique Bermúdez 0-0: Called Strike
0-1: Ball
1-1: Foul Ball, location: 2F
1-2: Ball
2-2: Ball
3-2: Foul Ball, location: 2F
3-2: Strikes out swinging
Top of the 3rd over - 0 run(s), 0 hit(s), 0 error(s), 0 left on base; Orlando 5 - Plymouth 0
BOTTOM OF THE 3RD
Plymouth Rocks batting - Pitching for Orlando Calrissian : LHP Mark Collins
Batting: RHB Jorge Jiménez 0-0: Fly out, F8 (Flyball, 8RXD)
Batting: RHB Ray Yates 0-0: Swinging Strike
0-1: Ball
1-1: Called Strike
1-2: Foul Ball, location: 2F
1-2: Strikes out swinging
Batting: RHB Andrés Lara 0-0: Called Strike
0-1: Called Strike
0-2: Ball
1-2: SOLO HOME RUN (Flyball, 78D), Distance : 421 ft
Batting: RHB José Flores 0-0: Ball
1-0: Fly out, F8 (Flyball, 8LM)
Bottom of the 3rd over - 1 run(s), 1 hit(s), 0 error(s), 0 left on base; Orlando 5 - Plymouth 1
TOP OF THE 4TH
Orlando Calrissian batting - Pitching for Plymouth Rocks : RHP José Martínez
Batting: RHB Robby Lewis 0-0: Swinging Strike
0-1: Fly out, F9 (Flyball, 89S)
Batting: LHB Danny Allen 0-0: Swinging Strike
0-1: Ground out 6-3 (Groundball, 6)
Batting: SHB Chris Byrd 0-0: Fly out, F7 (Popup, 5D)
Top of the 4th over - 0 run(s), 0 hit(s), 0 error(s), 0 left on base; Orlando 5 - Plymouth 1
BOTTOM OF THE 4TH
Plymouth Rocks batting - Pitching for Orlando Calrissian : LHP Mark Collins
Batting: RHB António Zúñiga 0-0: Foul Ball, location: 2F
0-1: Ball
1-1: Ball
2-1: Foul Ball, location: 2F
2-2: Ball
3-2: Foul Ball, location: 2F
3-2: Foul Ball, location: 2F
3-2: Foul Ball, location: 2F
3-2: Foul Ball, location: 2F
3-2: Ground out 4-3 (Groundball, 4)
Batting: LHB Barrett Waters 0-0: SINGLE (Groundball, 23) (infield hit)
Batting: SHB Greg Welch 0-0: Called Strike
Barrett Waters steals 2nd base
0-1: Ground out 6-3 (Groundball, 6M)
Barrett Waters to third
Batting: LHB Roger Moore 0-0: Ball
1-0: Ball
2-0: Foul Ball, location: 2F
2-1: Called Strike
2-2: Ball
3-2: Strikes out looking
Bottom of the 4th over - 0 run(s), 1 hit(s), 0 error(s), 1 left on base; Orlando 5 - Plymouth 1
TOP OF THE 5TH
Orlando Calrissian batting - Pitching for Plymouth Rocks : RHP José Martínez
Batting: LHB Santiago Márquez 0-0: Ball
1-0: Ball
2-0: Called Strike
2-1: Foul Ball, location: 2F
2-2: Ball
3-2: Ground out 5-3 (Groundball, 56)
Batting: RHB Raúl Canó 0-0: Swinging Strike
0-1: Called Strike
0-2: Strikes out looking
Batting: RHB Rich Anderson 0-0: Called Strike
0-1: Ball
1-1: Called Strike
1-2: Foul Ball, location: 2F
1-2: Ground out 4-3 (Groundball, 4M)
Top of the 5th over - 0 run(s), 0 hit(s), 0 error(s), 0 left on base; Orlando 5 - Plymouth 1
BOTTOM OF THE 5TH
Plymouth Rocks batting - Pitching for Orlando Calrissian : LHP Mark Collins
Batting: LHB Roy Patrick 0-0: Ball
1-0: Swinging Strike
1-1: Ball
2-1: Foul Ball, location: 2F
2-2: Foul Ball, location: 2F
2-2: Fly out, F8 (Flyball, 8RS)
Batting: RHB Jorge Jiménez 0-0: Called Strike
0-1: Foul Ball, location: 2F
0-2: Ball
1-2: Strikes out swinging
Batting: RHB Ray Yates 0-0: Foul Ball, location: 2F
0-1: Ground out 6-3 (Groundball, 6)
Bottom of the 5th over - 0 run(s), 0 hit(s), 0 error(s), 0 left on base; Orlando 5 - Plymouth 1
TOP OF THE 6TH
Orlando Calrissian batting - Pitching for Plymouth Rocks : RHP José Martínez
Batting: LHB Juan Colón 0-0: Swinging Strike
0-1: Called Strike
0-2: Foul Ball, location: 2F
0-2: Ball
1-2: Strikes out swinging
Batting: RHB Frederico Hernández 0-0: Ball
1-0: Ball
2-0: Ball
3-0: Called Strike
3-1: Base on Balls
Batting: RHB Enrique Bermúdez 0-0: Called Strike
0-1: Fly out, F3 (Popup, 23)
Batting: RHB Robby Lewis 0-0: Ground out 1-3 (Groundball, 3S)
Top of the 6th over - 0 run(s), 0 hit(s), 0 error(s), 1 left on base; Orlando 5 - Plymouth 1
BOTTOM OF THE 6TH
Plymouth Rocks batting - Pitching for Orlando Calrissian : LHP Mark Collins
Batting: RHB Andrés Lara 0-0: Called Strike
0-1: Foul Ball, location: 2F
0-2: Ball
1-2: Strikes out swinging
Batting: RHB José Flores 0-0: Ball
1-0: Ball
2-0: Ball
3-0: Called Strike
3-1: Foul Ball, location: 2F
3-2: Fly out, F7 (Flyball, 7M)
Batting: RHB António Zúñiga 0-0: Ball
1-0: Foul Ball, location: 2F
1-1: TRIPLE (Flyball, 8RXD)
Batting: LHB Barrett Waters 0-0: Foul Ball, location: 2F
0-1: Ball
1-1: Called Strike
1-2: Foul Ball, location: 2F
1-2: Strikes out looking
Bottom of the 6th over - 0 run(s), 1 hit(s), 0 error(s), 1 left on base; Orlando 5 - Plymouth 1
TOP OF THE 7TH
Orlando Calrissian batting - Pitching for Plymouth Rocks : RHP José Martínez
Batting: LHB Danny Allen 0-0: Ball
1-0: Ball
2-0: Called Strike
2-1: Ball
3-1: Foul Ball, location: 2F
3-2: Foul Ball, location: 2F
3-2: Foul Ball, location: 2F
3-2: Base on Balls
Pitching: LHP Carl Lewis
Batting: SHB Chris Byrd 0-0: Called Strike
Danny Allen is caught stealing 2nd base
0-1: Ball
1-1: Called Strike
1-2: Ball
2-2: Strikes out swinging
Batting: LHB Santiago Márquez 0-0: Called Strike
0-1: Ball
1-1: Ball
2-1: Foul Ball, location: 2F
2-2: Strikes out swinging
Top of the 7th over - 0 run(s), 0 hit(s), 0 error(s), 0 left on base; Orlando 5 - Plymouth 1
BOTTOM OF THE 7TH
Plymouth Rocks batting - Pitching for Orlando Calrissian : LHP Mark Collins
Batting: SHB Greg Welch 0-0: Ground out 6-3 (Groundball, 6M)
Batting: LHB Roger Moore 0-0: Ball
1-0: Swinging Strike
1-1: Fly out, F6 (Popup, 6M)
Batting: LHB Roy Patrick 0-0: Called Strike
0-1: Ball
1-1: Ball
2-1: Ball
3-1: Foul Ball, location: 2F
3-2: Base on Balls
Batting: RHB Jorge Jiménez 0-0: Called Strike
0-1: Ball
Roy Patrick is caught stealing 2nd base
Bottom of the 7th over - 0 run(s), 0 hit(s), 0 error(s), 0 left on base; Orlando 5 - Plymouth 1
TOP OF THE 8TH
Orlando Calrissian batting - Pitching for Plymouth Rocks : LHP Carl Lewis
Batting: RHB Raúl Canó 0-0: Swinging Strike
0-1: Foul Ball, location: 2F
0-2: Ball
1-2: Ball
2-2: Strikes out looking
Batting: RHB Rich Anderson 0-0: Ball
1-0: Ball
2-0: Ball
3-0: Called Strike
3-1: Base on Balls
Batting: LHB Juan Colón 0-0: Called Strike
0-1: Ball
1-1: Called Strike
1-2: Strikes out swinging
Batting: RHB Frederico Hernández 0-0: Foul Ball, location: 2F
0-1: Ball
1-1: Swinging Strike
1-2: Foul Ball, location: 2F
1-2: Fly out, F6 (Popup, 6MS)
Top of the 8th over - 0 run(s), 0 hit(s), 0 error(s), 1 left on base; Orlando 5 - Plymouth 1
BOTTOM OF THE 8TH
Plymouth Rocks batting - Pitching for Orlando Calrissian : LHP Mark Collins
Pitching: RHP Stan Stewart
Batting: RHB Jorge Jiménez 0-0: Called Strike
0-1: Ground out 6-3 (Groundball, 6)
Batting: RHB Ray Yates 0-0: Ball
1-0: Foul Ball, location: 2F
1-1: Ball
2-1: Swinging Strike
2-2: Strikes out swinging
Batting: RHB Andrés Lara 0-0: Fly out, F7 (Flyball, 7M)
Bottom of the 8th over - 0 run(s), 0 hit(s), 0 error(s), 0 left on base; Orlando 5 - Plymouth 1
TOP OF THE 9TH
Orlando Calrissian batting - Pitching for Plymouth Rocks : LHP Carl Lewis
Pitching: RHP Scot MacIntosh
Batting: RHB Enrique Bermúdez 0-0: Ground out 6-3 (Groundball, 6M)
Batting: RHB Robby Lewis 0-0: SINGLE (Line Drive, 56)
Batting: LHB Danny Allen 0-0: Called Strike
0-1: Ball
1-1: Called Strike
1-2: Strikes out swinging
Batting: SHB Chris Byrd 0-0: Ball
1-0: Swinging Strike
1-1: Called Strike
1-2: Ball
2-2: Strikes out swinging
Top of the 9th over - 0 run(s), 1 hit(s), 0 error(s), 1 left on base; Orlando 5 - Plymouth 1
BOTTOM OF THE 9TH
Plymouth Rocks batting - Pitching for Orlando Calrissian : RHP Stan Stewart
Batting: RHB José Flores 0-0: Ball
1-0: Called Strike
1-1: Ball
2-1: Fly out, F9 (Flyball, 9LM)
Batting: RHB António Zúñiga 0-0: Ball
1-0: Swinging Strike
1-1: Ball
2-1: Swinging Strike
2-2: Fly out, F8 (Flyball, 8RD)
Batting: LHB Barrett Waters 0-0: Swinging Strike
0-1: Swinging Strike
0-2: Ball
1-2: Ground out 6-3 (Groundball, 6)
Bottom of the 9th over - 0 run(s), 0 hit(s), 0 error(s), 0 left on base; Orlando 5 - Plymouth 1
Monday, December 5th, 2016 - OOTP Baseball 17.12 Build 75